 Dungeon Crawl Stone Soup version 0.29.1-2-gbd0b4ee654 (webtiles) character file.

Game seed: 13882779028625611541

2440 Lutefisk the Geomancer (level 10, -5/79 HPs)
             Began as a Meteoran Earth Elementalist on Nov 8, 2022.
             Was a Follower of Hepliaklqana.
             Killed from afar by a steam dragon (9 damage)
             ... with a ball of steam
             ... on level 8 of the Dungeon.
             The game lasted 00:25:40 (2284 turns).

Lutefisk the Geomancer (MeEE)                       Turns: 2284, Time: 00:25:41

Health: -5/79      AC:  6    Str:  9    XL:     10   Next: 6%
Magic:  12/23      EV: 13    Int: 21    God:    Hepliaklqana [*.....]
Gold:   292        SH:  0    Dex: 16    Spells: 19/25 levels left

rFire   . . .      SeeInvis .   f - +5 battleaxe
rCold   . . .      Faith    .   (shield currently unavailable)
rNeg    . . .      Spirit   .   a - +0 robe
rPois   +          Reflect  .   (no helmet)
rElec   .          Harm     .   (no cloak)
rCorr   .          Rampage  +   s - +0 pair of gloves
Will    +....                   x - +2 pair of boots {rampage}
Stlth   +.........              (no amulet)
HPRegen 0.23/turn               n - ring of poison resistance
MPRegen 0.18/turn               (no ring)

@: glowing
A: reduced essence, sense surroundings 2, otherworldly, glowing, explore regen
a: Renounce Religion, Recall Ancestor, Ancestor Identity


You were on level 8 of the Dungeon.
You worshipped Hepliaklqana.
Hepliaklqana was aware of your devotion.
You visited 1 branch of the dungeon, and saw 8 of its levels.
You also visited: Ossuary.

You collected 292 gold pieces.

Inventory:

Hand Weapons
 c - a +5 dagger
 f - a +5 battleaxe (weapon)
Armour
 a - a +0 robe (worn)
 s - a +0 pair of gloves (worn)
 x - a +2 pair of boots of rampaging (worn)
 y - an orb of guile
Jewellery
 n - a ring of poison resistance (left hand)
Scrolls
 g - 3 scrolls of enchant weapon
 h - a scroll of blinking {unknown}
 j - 3 scrolls of amnesia {unknown}
 k - 2 scrolls of silence {unknown}
 m - 5 scrolls of fear
 q - 2 scrolls of teleportation {unknown}
 t - 3 scrolls of immolation {unknown}
 w - 2 scrolls of magic mapping {unknown}
Potions
 b - 2 potions of magic
 d - 2 potions of mutation
 i - 3 potions of haste
 l - 2 potions of resistance {unknown}
 o - a potion of lignification {unknown}
 p - a potion of heal wounds {unknown}
 r - 3 potions of might {unknown}
 u - 2 potions of invisibility {unknown}
 v - 3 potions of curing


   Skills:
 * Level 7.8 Fighting
 - Level 2.0 Throwing
 - Level 4.0 Armour
 - Level 4.0 Dodging
 - Level 1.4 Stealth
 - Level 8.0 Spellcasting
 - Level 2.0 Conjurations
 - Level 2.0 Transmutations
 - Level 8.0 Earth Magic


You had 19 spell levels left.
You knew the following spells:

 Your Spells              Type           Power      Damage    Failure   Level
a - Sandblast             Erth           84%        2d18      1%          1
b - Passwall              Tmut/Erth      24%        N/A       1%          2
c - Stone Arrow           Conj/Erth      58%        3d10      3%          3

Your spell library contained the following spells:

 Spells                   Type           Power      Damage    Failure   Level
 Petrify                  Tmut/Erth      29%        N/A       10%         4
 Sublimation of Blood     Necr           8%         N/A       12%         2
 Irradiate                Conj/Tmut      8%         3d14      67%         5


Dungeon Overview and Level Annotations

Branches:
Dungeon (8/15) Zot: 2587  Ossuary (visited)
 Temple: D:4-7         Lair: D:8-11

Altars:
Cheibriados
Fedhas
Hepliaklqana
Nemelex Xobeh

Shops:
D:3 [

Annotations:
D:3 3 runed translucent doors, Rudyous's ghost, weakling MiFi; leafyfresh's ghost, weakling TeAE; safid's ghost, amateur MiHu
D:6 2 runed translucent doors, croobank's ghost, novice MeFi
D:8 Psyche


Innate Abilities, Weirdness & Mutations

Your life essence is reduced to manifest your ancestor. (-10% HP)
You passively map the area around you.
You are easily found by Zot.
You glow in the dark.
You regain HP and MP as you explore.


Message History

Casting: Stone Arrow (dangerous; 3% risk of failure)
Confirm with . or Enter, or press ? or * to list all spells.
Aiming: Sandblast (safe; 1% risk of failure)
Press: ? - help, Shift-Dir - straight line, f/p - steam dragon
Aim: a steam dragon (almost dead, 85% to hit)
Okay, then.
Casting: Sandblast (safe; 1% risk of failure)
Confirm with . or Enter, or press ? or * to list all spells.
Aiming: Stone Arrow (dangerous; 3% risk of failure)
Press: ? - help, Shift-Dir - straight line, f/p - steam dragon
Aim: a steam dragon (almost dead, 71% to hit)
Okay, then.
Casting: Stone Arrow (dangerous; 3% risk of failure)
Confirm with . or Enter, or press ? or * to list all spells.
Aiming: Sandblast (safe; 1% risk of failure)
Press: ? - help, Shift-Dir - straight line, f/p - steam dragon
Aim: a steam dragon (almost dead, 85% to hit)
The blast of sand misses the steam dragon.
Casting: Sandblast (safe; 1% risk of failure)
Confirm with . or Enter, or press ? or * to list all spells.
Aiming: Sandblast (safe; 1% risk of failure)
Press: ? - help, Shift-Dir - straight line, f/p - steam dragon
Aim: a steam dragon (almost dead, 85% to hit)
The blast of sand misses the steam dragon.
The steam dragon breathes steam at you. The ball of steam hits you!
Psyche hits you but does no damage. Space warps horribly around you!
* * * LOW HITPOINT WARNING * * *
Psyche hits you with a +3 dagger of distortion.
* * * LOW HITPOINT WARNING * * *
Space warps around you.
* * * LOW HITPOINT WARNING * * *
The steam dragon bites you but does no damage.
The steam dragon barely misses you.
The steam dragon attacks as you move away!
The steam dragon barely misses you. The steam dragon claws you.
* * * LOW HITPOINT WARNING * * *
The steam dragon breathes steam at you. The ball of steam hits you!
You die...

, ** *, * ** , #* *
,8 * * * ** ** #. 8
, * , #.#* ** *
#..## *, * ,,
#...., , * , *
*#...######## ,
#@§..)..# . ,
#§§D....# ,#. * * ,
#.@....<#### ... ,
...........(..#
*... *,
....###.#####.###.#
...... #.# #.....#
* ...... #.#
##..### ......* #.#
#....# * ..... #.#
#.##...#


You could see Psyche and a steam dragon (catching breath).

Vanquished Creatures
  A two-headed ogre (D:8)
  An orc warrior (D:6)
  3 black bears
  2 ogres
  A phantom (D:5)
  2 bullfrogs
  3 scorpions
  A necrophage (D:6)
  3 water moccasin zombies (Ossuary)
  5 wights
  2 jellies
  An orc priest (D:6)
  A hound (D:5)
  3 iguanas (D:6)
  2 orc wizards
  2 mummies (Ossuary)
  6 adders
  A white imp (D:7)
  An ufetubus (D:6)
  An adder zombie (Ossuary)
  A worm (D:2)
  3 dart slugs
  20 orcs
  6 bats
  7 endoplasms
  A giant cockroach (D:1)
  4 gnoll zombies (Ossuary)
  5 hobgoblins
  6 jackals
  6 kobolds
  6 quokkas
  5 ball pythons
  2 frilled lizards (D:2)
  8 goblins
  6 hobgoblin zombies (Ossuary)
  A kobold zombie (Ossuary)
  10 orc zombies (Ossuary)
  7 rats
146 creatures vanquished.

Vanquished Creatures (others)
  An ancestor (D:8)
  34 plants (D:2)
  A withered plant (D:3)
36 creatures vanquished.

Grand Total: 182 creatures vanquished

Notes
Turn   | Place    | Note
-------+----------+-------------------------------------------
     0 | D:1      | Lutefisk the Meteoran Earth Elementalist began the quest
                  | for the Orb.
     0 | D:1      | Reached XP level 1. HP: 14/14 MP: 5/5
    70 | D:1      | Found a faded altar of an unknown god.
    76 | D:1      | Reached XP level 2. HP: 22/22 MP: 2/6
    77 | D:1      | Reached skill level 1 in Fighting
   147 | D:2      | Reached XP level 3. HP: 29/29 MP: 5/8
   244 | D:2      | Reached XP level 4. HP: 33/37 MP: 6/9
   246 | D:2      | Found a snail-covered altar of Cheibriados.
   279 | D:2      | Learned a level 2 spell: Passwall
   416 | D:1      | Learned a level 3 spell: Stone Arrow
   617 | D:3      | Found Hakkus's Armour Shoppe.
   643 | D:3      | Reached XP level 5. HP: 45/45 MP: 7/10
   659 | D:3      | Reached skill level 1 in Throwing
   659 | D:3      | Reached skill level 1 in Armour
   759 | D:3      | Found a runed translucent gate.
   762 | D:3      | Found a runed translucent gate.
   763 | D:3      | Found a runed translucent gate.
   808 | D:3      | Noticed Rudyous's ghost (weakling MiFi)
   808 | D:3      | Noticed safid's ghost (amateur MiHu)
   809 | D:3      | Noticed leafyfresh's ghost (weakling TeAE)
   809 | D:3      | Noticed safid's ghost (amateur MiHu)
   837 | D:4      | Reached skill level 1 in Conjurations
   837 | D:4      | Reached XP level 6. HP: 7/52 MP: 2/11
   944 | D:4      | Found a snail-covered altar of Cheibriados.
  1041 | D:4      | Found a sparkling altar of Nemelex Xobeh.
  1058 | D:4      | Found a sand-covered staircase.
  1063 | Ossuary  | Entered an ossuary
  1088 | Ossuary  | Reached skill level 5 in Earth Magic
  1176 | Ossuary  | Reached XP level 7. HP: 50/59 MP: 6/12
  1443 | D:5      | Entered Level 5 of the Dungeon
  1492 | D:5      | Reached XP level 8. HP: 64/67 MP: 11/15
  1492 | D:5      | Noticed a two-headed ogre
  1679 | D:6      | Reached skill level 5 in Fighting
  1806 | D:5      | Reached skill level 5 in Spellcasting
  1890 | D:5      | Found a hazy altar of Hepliaklqana.
  1902 | D:5      | Became a worshipper of Hepliaklqana the Forgotten
  1927 | D:6      | Gained mutation: You passively map the area around you.
                  | [Meteoran growth]
  1927 | D:6      | Reached XP level 9. HP: 74/74 MP: 12/19
  1945 | D:6      | Found a blossoming altar of Fedhas.
  2005 | D:6      | Found a large runed translucent door.
  2006 | D:6      | Found a large runed translucent door.
  2045 | D:6      | Noticed croobank's ghost (novice MeFi)
  2259 | D:8      | Noticed Psyche
  2265 | D:8      | Noticed a two-headed ogre
  2277 | D:8      | Reached * piety under Hepliaklqana
  2280 | D:8      | Killed a two-headed ogre
  2281 | D:8      | Reached XP level 10. HP: 50/79 MP: 16/23
  2284 | D:8      | Killed from afar by a steam dragon

Illustrated notes

Levels and vault maps discovered:
D:1:      tarquinn_simple_flora_water_d, layout_loops_ring,
          hellmonk_ecumenical_altar_run_dry, chequers_serial_rivers_large_b
D:2:      wad_woods_stonehenge, layout_basic
D:3:      layout_rooms, serial_shops, nicolae_shop_hallway_plus,
          gammafunk_ghost_cemetery, wander_ebering_terrifying_dragon_lair
D:4:      layout_basic, nemelex_dance_club_becter,
          mainiacjoe_overflow_small_starburst, minmay_temple_entry_fiery,
          enter_ossuary_5, uniq_edmund
D:5:      nicolae_cairo_tiling_very_big, layout_basic, overflow_temple_1_default
D:6:      layout_cave_pools, fedhas_altar_4, ebering_ghost_disaster_area
D:7:      layout_basic, minmay_crystal_room
D:8:      layout_rooms, grunt_temple_overflow_magic_moments, uniq_psyche

Skill      XL: |  1  2  3  4  5  6  7  8  9 |
---------------+----------------------------+-----
Fighting       | 2 3 4 5 7 |  7.8
Earth Magic    | 4 6 8 |  8.0
Spellcasting   | 3 4 6 8 |  8.0
Transmutations | 2 |  2.0
Throwing       | 2 |  2.0
Armour         | 1 2 4 |  4.0
Conjurations   | 1 2 |  2.0
Dodging        | 3 4 |  4.0
Stealth        | |  1.4

Action                   |  1- 3 |  4- 6 |  7- 9 | 10-12 || total
-------------------------+-------+-------+-------+-------++-------
Melee: Dagger            |    17 |    45 |    15 |       ||    77
       Punch             |     1 |     1 |     1 |       ||     3
       Battleaxe         |       |       |     1 |       ||     1
Throw: Dart              |       |       |     3 |       ||     3
 Cast: Sandblast         |    29 |    95 |    87 |     2 ||   213
       Passwall          |       |     6 |     6 |       ||    12
       Stone Arrow       |       |       |    15 |     1 ||    16
  Use: Scroll            |       |       |     6 |       ||     6
 Stab: Sleeping          |     2 |     2 |       |       ||     4
Armor: Robe              |     2 |    25 |    22 |     2 ||    51
Dodge: Dodged            |     2 |    71 |    41 |     2 ||   116
